 Dungeon Crawl Stone Soup version 0.31-a0-1237-gabc64e778c (webtiles) character file.

Game seed: 6991955590946720602

6732 Xpym the Jinx (level 10, -1/59 HPs)
             Began as a Vampire Enchanter on Dec 16, 2023.
             Was a Believer of Dithmenos.
             Slain by a +1 mace of flaming (6 damage)
             ... in a volcano.
             The game lasted 01:03:59 (12289 turns).

Xpym the Jinx (Vampire Enchanter)                  Turns: 12289, Time: 01:03:59

Health: -1/59      AC:  0    Str:  5 (7)  XL:     10   Next: 75%
Magic:  10/14      EV: 23    Int: 17 (19) God:    Dithmenos [**....]
Gold:   371        SH:  0    Dex: 21 (23) Spells: 2/15 levels left

rFire   . . .        z - melded +3 rapier (distort)
rCold   + + .        (shield currently unavailable)
rNeg    + + +        k - melded +0 robe "Poyfagy" {+Blink rPois Will+}
rPois   ∞            d - melded +0 helmet
rElec   .            J - melded +0 cloak
rCorr   .            l - melded -2 pair of gloves of the Curious Ultimatums {rF+ rC+ rCorr}
SInv    +            A - melded +2 pair of boots
Will    +....        y - amulet of faith {!P}
Stlth   ++++++++     T - melded +4 ring of protection
HPRegen 0.00/turn    L - melded ring of flight
MPRegen 0.14/turn

%: faith
@: bat-form, on blink cooldown, flying, bloodless, inhibited regen, wreathed by
umbra, very quick
A: fast, flying, no casting, tiny, bloodless, fangs 3, see invisible, vampiric 2
a: Revivify, End Transformation, Renounce Religion, Shadow Step


You were in a volcano.
You worshipped Dithmenos.
Dithmenos was pleased with you.
You were a vampire bat.
You visited 2 branches of the dungeon, and saw 10 of its levels.
You also visited: Sewer and Volcano.

You collected 383 gold pieces.
You spent 12 gold pieces at shops.


Innate Abilities, Weirdness & Mutations

You are a vampire bat.
You are tiny and dextrous.
You move quickly.
You are flying.
You are immune to poison.
Your equipment is almost entirely melded.
You are incapable of wielding weapons or throwing items.
You cannot cast spells.
You do not regenerate when monsters are visible.
You are frail without blood (-20% HP).
You can heal yourself when you bite living creatures.
You are immune to poison.
You have razor-sharp teeth.
You have supernaturally acute eyesight. (SInv)
You are afflicted with vampirism and can become a bat while bloodless.


   Skills:
 - Level 5.0 Fighting
 * Level 9.5 Short Blades
 - Level 5.0 Dodging
 - Level 9.0 Stealth
 - Level 3.2 Spellcasting
 + Level 2.3 Conjurations
 + Level 10.0 Hexes
 + Level 1.6 Translocations
 - Level 2.5 Ice Magic
 + Level 3.8 Invocations
 - Level 5.0 Evocations


You had 2 spell levels left.
You knew the following spells:

 Your Spells              Type           Power      Damage    Failure   Level
c - Confusing Touch       Hex            36%        N/A       1%          3
d - Dazzling Flash        Conj/Hex       46%        N/A       4%          3
e - Ensorcelled Hibernat  Hex/Ice        48%        N/A       1%          2
k - Tukima's Dance        Hex            36%        N/A       1%          3
B - Blink                 Tloc           16%        N/A       13%         2

Your spell library contained the following spells:

 Spells                   Type           Power      Damage    Failure   Level
 Momentum Strike          Conj/Tloc      18%        3d8       12%         2
 Lesser Beckoning         Tloc           16%        N/A       13%         2
 Ozocubu's Armour         Ice            11%        N/A       19%         3
 Metabolic Englaciation   Hex/Ice        12%        N/A       36%         5
 Simulacrum               Ice/Necr       3%         N/A       100%        6

Inventory:

Hand Weapons
 a - a +0 dagger of venom
 b - a +0 sling
 r - a +2 antimagic whip
 s - a +1 dagger
 x - a +1 dagger of distortion
 z - a +3 rapier of distortion (melded)
Missiles
 g - 49 stones (quivered)
 i - 31 poisoned darts
 v - 5 boomerangs
 F - a throwing net {=f}
 G - 5 javelins
 M - 6 atropa-tipped darts
Armour
 d - a +0 helmet (melded)
 k - the +0 robe "Poyfagy" (melded) {+Blink rPois Will+}
   (You found it on level 2 of the Dungeon)

   rPois:     It protects you from poison Will+: It increases your willpower.
   +Blink:    It lets you blink.
 l - the -2 pair of gloves of the Curious Ultimatums (melded) {rF+ rC+ rCorr}
   (You acquired it on level 2 of the Dungeon)

   rF+:       It protects you from fire.
   rC+:       It protects you from cold.
   rCorr:     It protects you from acid and corrosion.
 A - a +2 pair of boots (melded)
 J - a +0 cloak (melded)
Magical Staves
 m - a staff of fire
Jewellery
 y - an amulet of faith (around neck) {!P}
 L - a ring of flight (melded)
 S - a +6 ring of strength
 T - a +4 ring of protection (melded)
Wands
 C - a wand of roots (19)
 H - a wand of flame (16)
Scrolls
 f - 4 scrolls of revelation
 h - 2 scrolls of immolation
 o - a scroll of poison
 p - 2 scrolls of fear
 q - 2 scrolls of teleportation {@r2}
 t - a scroll of amnesia
 u - a scroll of brand weapon
 B - 2 scrolls of noise
 E - 2 scrolls of fog
 K - a scroll of torment
Potions
 c - 2 potions of curing {@q1}
 e - a potion of berserk rage {!q}
 j - 2 potions of attraction
 n - 5 potions of haste {@q3}
 w - a potion of cancellation
 D - a potion of ambrosia
 I - 2 potions of brilliance
 N - a potion of lignification
 P - a potion of heal wounds {@q2}

Dungeon Overview and Level Annotations

Branches:
Dungeon (9/15)             Temple (0/1) D:7            Lair (1/5) D:9
  Sewer (visited)         Volcano (1/1)
    Orc: D:9-12

Altars:
Ashenzari
Dithmenos
Gozag
Nemelex Xobeh
Okawaru
Qazlal
Sif Muna
Uskayaw
Vehumet
Wu Jian
Yredelemnul
Lugonu

Shops:
D:5 *:

Portals:
Abyss: D:3

Annotations:
D:3 exclusions: giant cockroach, orc, orc wizard and 1 more exclusion, Jessica
D:4 exclusions: orc and orc priest, Menkaure
D:6 4 exclusions, Sigmund
D:9 Harold, Maggie

▓...▓......~♣♣≈≈
▓▓▓▓▓▓▓▓▓.∩.'......~~♣§~
▓.....'.....▓......)~)≈≈
▓..▓▓▓▓▓▓▓▓▓▓▓▓▓▓▓▓▓▓#▓#
▓..▓.$$)[$['..▓ ≈≈≈≈
▓..▓$[[?!$$▓{.▓ ###§§
▓..▓p$$!$)9▓..▓ ##
▓..▓▓▓▓▓▓▓▓▓..▓
▓......b{.....▓
▓▓▓▓▓▓▓▓▓▓▓▓▓▓▓


You could see a +1 mace of flaming.


Message History

Okay, then.
Unknown command.
Press: ? - help, v - describe, . - travel
Here: a +1 mace of flaming (severely damaged, umbra)
The floor.
Unknown command.
Use which ability? (? or * to list)
Okay, then.
Unknown command.
Unknown command.
Use which ability? (? or * to list)
You fail to use your ability.
The +1 mace of flaming closely misses you.
Unknown command.
Unknown command.
Use which ability? (? or * to list)
You turn into a vampire bat.
Your +3 rapier of distortion melds into your body.
Your +0 cloak melds into your body.
Your +0 helmet melds into your body.
The -2 pair of gloves of the Curious Ultimatums {rF+ rC+ rCorr} melds into your body.
Your +2 pair of boots melds into your body.
The +0 robe "Poyfagy" {+Blink rPois Will+} melds into your body.
Your +4 ring of protection melds into your body.
Your ring of flight melds into your body.
You float gracefully downwards.
You feel weakened.
You feel dopey.
You feel clumsy. The +1 mace of flaming hits you!
* * * LOW HITPOINT WARNING * * *
The +1 mace of flaming burns you.
You die...

Skill      XL: |  1  2  3  4  5  6  7  8  9 10 |
---------------+-------------------------------+-----
Stealth        | 5 6 7 8 9 |  9.0
Hexes          | 5 6 7 8 10 | 10.0
Short Blades   | 2 3 4 6 8 9 |  9.5
Evocations     | 1 2 3 4 5 |  5.0
Ice Magic      | 1 2 |  2.5
Spellcasting   | 3 |  3.2
Fighting       | 1 2 4 5 |  5.0
Dodging        | 3 4 5 |  5.0
Conjurations   | 1 2 |  2.3
Invocations    | 2 3 |  3.8
Translocations | 1 |  1.6

Action                     |  1- 3 |  4- 6 |  7- 9 | 10-12 || total
---------------------------+-------+-------+-------+-------++-------
  Melee: Dagger            |    86 |    97 |       |       ||   183
         Bite              |     6 |     3 |    13 |     6 ||    28
         Rapier            |       |     7 |   183 |    56 ||   246
   Fire: Sling             |       |    17 |       |       ||    17
  Throw: Dart              |     3 |     4 |     5 |       ||    12
         Stone             |     1 |     1 |     2 |     3 ||     7
         Boomerang         |       |       |    14 |       ||    14
   Cast: Ensorcelled Hiber |    22 |    52 |    73 |    27 ||   174
         Confusing Touch   |       |     2 |    10 |     2 ||    14
         Tukima's Dance    |       |       |     8 |     9 ||    17
         Dazzling Flash    |       |       |       |     5 ||     5
         Blink             |       |       |       |     1 ||     1
Ability: Exsanguinate      |     1 |       |       |       ||     1
         Evoke Blink       |       |       |     5 |     1 ||     6
         Bat Form          |       |       |       |     1 ||     1
  Evoke: Wand              |       |       |       |     2 ||     2
    Use: Potion            |     2 |     1 |     1 |       ||     4
         Scroll            |       |    12 |     7 |    10 ||    29
   Stab: Sleeping          |    27 |    58 |    82 |    15 ||   182
         Invisible         |     1 |       |       |     3 ||     4
         Distracted        |       |       |     2 |       ||     2
         Confused          |       |       |     4 |       ||     4
 Armour: Robe              |    41 |    46 |    98 |    30 ||   215
         Skin              |       |       |       |     1 ||     1
  Dodge: Dodged            |    58 |    48 |   102 |    38 ||   246

Levels and vault maps discovered:
D:1:      mrwooster_arrival_statue_3, layout_basic, minivault_26
D:2:      kennysheep_the_goblin_king, layout_basic,
          nicolae_ecumenical_oubliette, minmay_unequal
D:3:      due_chaos_kobolds, layout_basic, fiery_altar_vehumet,
          mainiacjoe_sewer_entry_somewhere_in_here_2, uniq_jessica
D:4:      layout_loops_cross, evilmike_ruin_ashenzari,
          mainiacjoe_overflow_tiny_flanked, serial_undead, serial_undead_e,
          serial_undead_e, serial_undead_b, serial_undead_f, serial_undead_e,
          uniq_edmund, uniq_menkaure
D:5:      layout_gridville, serial_shops, nicolae_shop_hallway_stairs, shop,
          uniq_grinder
D:6:      layout_basic, hellmonk_sif_muna_bookshelves, general_overflow_altar,
          lemuel_crystal_altar, gammafunk_temple_overflow_statue, serial_shops,
          nicolae_shop_back_alley_shop, grunt_ministairs_12, uniq_sigmund
D:7:      layout_basic, lemuel_coloured_pillars_altar,
          minmay_temple_entry_waves, nrook_mini_vaults, roderic_roman_lattice
D:8:      layout_cave_pods, mainiacjoe_overflow_alcove_4,
          eat_drink_and_be_merry_uskayaw, serial_bayou, serial_bayou_pond_a,
          serial_bayou_lake_a, serial_bayou_lagoon_a, serial_bayou_pond_e
D:9:      layout_basic, grunt_temple_overflow_growth_and_decay,
          grunt_temple_overflow_opulence, dpeg_lair_monsters, serial_shops,
          shop, guppyfry_shop_venom, uniq_harold, uniq_maggie, uniq_jeremiah
Lair:1:   layout_regular_city, enter_volcano_2
Volcano:  volcano_bunker

Notes
Turn   | Place    | Note
-------+----------+-------------------------------------------
     0 | D:1      | Xpym the Vampire Enchanter began the quest for the Orb.
     0 | D:1      | Reached XP level 1. HP: 13/13 MP: 3/3
   131 | D:1      | Reached XP level 2. HP: 19/19 MP: 5/5
   278 | D:1      | Learned a level 2 spell: Ensorcelled Hibernation
   763 | D:1      | Reached skill level 5 in Stealth
   967 | D:1      | Gained mutation: You are afflicted with vampirism and can
                  | become a bat while bloodless. [Vampire growth]
   967 | D:1      | Reached XP level 3. HP: 24/24 MP: 3/6
  1169 | D:2      | Identified the +0 robe "Poyfagy" {+Blink rPois Will+}
  1200 | D:1      | Learned a level 3 spell: Confusing Touch
  1287 | D:2      | Found a faded altar of an unknown god.
  1353 | D:2      | Reached skill level 5 in Hexes
  1472 | D:2      | Reached skill level 2 in Short Blades
  1568 | D:2      | Reached XP level 4. HP: 24/24 MP: 4/7
  1765 | D:2      | Identified a potion of resistance
  2278 | D:2      | Reached skill level 1 in Evocations
  2474 | D:2      | Identified a scroll of acquirement
  2596 | D:3      | Noticed Jessica
  2734 | D:3      | Reached skill level 1 in Ice Magic
  2734 | D:3      | Reached XP level 5. HP: 27/28 MP: 2/9
  2807 | D:3      | Found a glowing drain.
  2811 | Sewer    | Entered a sewer
  3201 | Sewer    | Reached skill level 6 in Stealth
  3201 | Sewer    | Reached skill level 3 in Spellcasting
  3277 | Sewer    | Noticed a crocodile
  3283 | Sewer    | Killed a crocodile
  3284 | Sewer    | Reached skill level 3 in Short Blades
  3284 | Sewer    | Reached XP level 6. HP: 32/32 MP: 4/10
  3536 | D:3      | Found a one-way gate to the infinite horrors of the Abyss.
  3787 | D:3      | Reached skill level 6 in Hexes
  3880 | D:3      | Found a radiant altar of Vehumet.
  4037 | D:3      | Found a large runed translucent door.
  4038 | D:3      | Found a large runed translucent door.
  4038 | D:3      | Found a corrupted altar of Lugonu.
  4213 | D:3      | Learned a level 3 spell: Dazzling Flash
  4477 | D:4      | Noticed Edmund
  4487 | D:4      | Killed Edmund
  4488 | D:4      | Reached skill level 2 in Ice Magic
  4488 | D:4      | Reached skill level 2 in Evocations
  4599 | D:4      | Reached XP level 7. HP: 37/37 MP: 11/11
  4798 | D:4      | Found a broken altar of Ashenzari.
  4953 | D:4      | Noticed Menkaure
  4970 | D:4      | Reached skill level 1 in Fighting
  5063 | D:5      | Entered Level 5 of the Dungeon
  5065 | D:5      | Noticed Grinder
  5089 | D:5      | Killed Grinder
  5090 | D:5      | Reached skill level 4 in Short Blades
  5090 | D:5      | Reached skill level 3 in Dodging
  5090 | D:5      | Reached skill level 7 in Stealth
  5090 | D:5      | Reached skill level 1 in Conjurations
  5343 | D:5      | Found Waizxuna's Book Emporium.
  5533 | D:5      | Reached XP level 8. HP: 44/44 MP: 9/12
  6011 | D:5      | Found Meemoil's General Store.
  6018 | D:5      | Reached skill level 2 in Fighting
  6021 | D:5      | Bought a scroll of noise for 12 gold pieces
  6043 | D:5      | Reached skill level 5 in Short Blades
  6055 | D:5      | Reached skill level 7 in Hexes
  6507 | D:6      | Found a basalt altar of Yredelemnul.
  6645 | D:6      | Noticed Sigmund
  6799 | D:6      | Found a shimmering blue altar of Sif Muna.
  6801 | D:6      | Reached skill level 3 in Evocations
  7160 | D:6      | Found a stormy altar of Qazlal.
  7225 | D:6      | Reached skill level 8 in Stealth
  7225 | D:6      | Reached skill level 2 in Conjurations
  7315 | D:6      | Reached skill level 4 in Dodging
  7449 | D:6      | Found a shadowy altar of Dithmenos.
  7475 | D:6      | Became a worshipper of Dithmenos the Shadowed
  7771 | D:7      | Learned a level 3 spell: Tukima's Dance
  7800 | D:7      | Reached skill level 6 in Short Blades
  7899 | D:7      | Reached XP level 9. HP: 49/49 MP: 13/13
  7962 | D:7      | Reached skill level 3 in Fighting
  8060 | D:7      | Reached skill level 1 in Invocations
  8246 | D:7      | Reached * piety under Dithmenos
  8266 | D:7      | Found an ornate altar of the Wu Jian Council.
  8337 | D:7      | Reached skill level 8 in Hexes
  8797 | D:7      | Reached skill level 9 in Stealth
  8835 | D:7      | Found a staircase to the Ecumenical Temple.
  8918 | D:7      | Reached skill level 7 in Short Blades
  8918 | D:7      | Reached skill level 5 in Dodging
  8918 | D:7      | Reached skill level 4 in Evocations
  9284 | D:8      | Found an iron altar of Okawaru.
  9480 | D:8      | Found a hide-covered altar of Uskayaw.
  9520 | D:8      | Identified the +2 short sword of Arrival {holy, rElec rN+++
                  | Str-3}
  9532 | D:8      | Acquired the -2 pair of gloves of the Curious Ultimatums
                  | {rF+ rC+ rCorr}
  9807 | D:8      | Reached skill level 2 in Invocations
 10031 | D:7      | Reached skill level 4 in Fighting
 10224 | D:8      | Reached skill level 8 in Short Blades
 10264 | D:8      | Reached XP level 10. HP: 56/56 MP: 11/14
 10275 | D:8      | Reached skill level 9 in Hexes
 10883 | D:8      | Reached skill level 3 in Invocations
 11190 | D:9      | Noticed a death yak
 11190 | D:9      | Noticed a death yak
 11190 | D:9      | Found a staircase to the Lair.
 11190 | D:9      | Noticed Jeremiah
 11191 | D:9      | Noticed a death yak
 11318 | D:9      | Found an opulent altar of Gozag.
 11319 | D:9      | Found a sparkling altar of Nemelex Xobeh.
 11358 | D:9      | Noticed Harold
 11400 | D:9      | Reached ** piety under Dithmenos
 11598 | D:9      | Noticed Maggie
 11650 | D:9      | Killed Jeremiah
 11749 | D:9      | Learned a level 2 spell: Blink
 11799 | D:9      | Killed a death yak
 11800 | D:9      | Reached skill level 5 in Evocations
 11949 | Lair:1   | Entered Level 1 of the Lair of Beasts
 11986 | Lair:1   | Reached skill level 9 in Short Blades
 11986 | Lair:1   | Reached skill level 1 in Translocations
 11997 | Lair:1   | Noticed a cane toad
 12117 | Lair:1   | Found a dark tunnel.
 12126 | Volcano  | Entered a volcano
 12128 | Volcano  | Noticed a toenail golem
 12128 | Volcano  | Noticed an orc sorcerer
 12128 | Volcano  | Noticed a toenail golem
 12128 | Volcano  | Noticed a toenail golem
 12138 | Volcano  | Noticed a sun demon
 12141 | Volcano  | Noticed a toenail golem
 12163 | Volcano  | Banished a toenail golem
 12164 | Volcano  | Reached skill level 5 in Fighting
 12170 | Volcano  | Reached skill level 10 in Hexes
 12274 | Volcano  | Noticed a +1 mace of flaming
 12274 | Volcano  | Noticed an occultist
 12274 | Volcano  | Noticed a toenail golem
 12289 | Volcano  | HP: 5/59 [+1 mace of flaming (11)]
 12289 | Volcano  | Slain by a +1 mace of flaming

Vanquished Creatures
  A death yak (D:9)
  Jeremiah (D:9)
  Grinder (D:5)
  7 yaks
  3 humans (Volcano)
  A steam dragon (D:8)
  Edmund (D:4)
  An acid dragon (D:7)
  A water moccasin (D:7)
  An orc warrior (D:8)
  3 black bears
  A sky beast (D:7)
  An ogre (D:7)
  2 centaurs
  A crocodile (Sewer)
  A phantom (D:4)
  2 kobold brigands
  2 bullfrogs
  4 scorpions
  12 wights
  3 electric eels (D:8)
  7 hounds
  2 jellies
  5 orc priests
  2 sleepcaps (D:7)
  4 iguanas
  10 orc wizards
  A howler monkey zombie (D:4)
  10 gnolls
  10 adders
  2 river rats
  A white imp (D:6)
  An adder skeleton (D:4)
  4 worms
  3 dart slugs
  27 orcs
  9 bats
  11 endoplasms
  8 giant cockroaches
  16 goblins
  9 hobgoblins
  6 jackals
  2 quokkas
  11 ball pythons
  5 frilled lizards
  26 kobolds
  11 rats
253 creatures vanquished.

Vanquished Creatures (collateral kills)
  A wight (D:7)
1 creature vanquished.

Vanquished Creatures (others)
  2 dancing weapons
  An orc (D:8)
3 creatures vanquished.

Grand Total: 257 creatures vanquished

Table legend: (Time is in decaauts)
 A = Elapsed time spent in this place.
 B = Non-inter-level travel time spent in this place.
 C = Inter-level travel time spent in this place.
 D = Time resting spent in this place.
 E = Time spent auto-exploring this place.
 F = Levels seen in this place.
 G = Mean time per level.
                   A        B        C        D        E       F      G
               +--------+--------+--------+--------+--------+-----+--------+
         Total |  12363 |  11408 |    955 |    842 |   7449 |  12 | 1030.2 |
       Dungeon |  11403 |  10448 |    955 |    712 |   7031 |   9 | 1267.0 |
          Lair |    175 |    175 |      0 |     63 |      0 |   1 |  175.0 |
         Sewer |    624 |    624 |      0 |      0 |    417 |   1 |  624.0 |
       Volcano |    159 |    159 |      0 |     67 |      1 |   1 |  159.0 |
               +--------+--------+--------+--------+--------+-----+--------+

Top non-repeatable levels by time:
     D:7: 1980 daAuts
     D:8: 1645 daAuts
     D:5: 1365 daAuts
     D:1: 1349 daAuts
     D:2: 1276 daAuts
     D:3: 1276 daAuts
     D:6: 1033 daAuts
     D:9: 749 daAuts
     D:4: 728 daAuts
   Sewer: 624 daAuts
  Lair:1: 175 daAuts
 Volcano: 159 daAuts

Table legend:
 A = Non-vault XP
 B = Vault XP
 C = Vault XP percentage of total XP
 D = Non-vault monster count
 E = Vault monster count
 F = Vault count percentage of total count
                 A         B        C        D         E       F
            +---------+---------+-------+---------+---------+-------
      Total |    6365 |    3253 |  33.8 |     201 |      58 |  22.4
            +---------+---------+-------+---------+---------+-------
        D:1 |      50 |       0 |   0.0 |      34 |       0 |   0.0
        D:2 |     107 |      22 |  17.1 |      23 |      11 |  32.4
        D:3 |      46 |      31 |  40.3 |      14 |      12 |  46.2
        D:4 |     132 |     286 |  68.4 |      13 |       4 |  23.5
        D:5 |     615 |     258 |  29.6 |      28 |       1 |   3.4
        D:6 |     362 |     118 |  24.6 |      22 |       2 |   8.3
        D:7 |    2644 |       0 |   0.0 |      40 |       0 |   0.0
        D:8 |    1577 |       0 |   0.0 |      20 |       0 |   0.0
        D:9 |     118 |    1209 |  91.1 |       3 |       4 |  57.1
     Lair:1 |     714 |       0 |   0.0 |       4 |       0 |   0.0
      Sewer |       0 |     257 | 100.0 |       0 |      20 | 100.0
    Volcano |       0 |    1072 | 100.0 |       0 |       4 | 100.0
            +---------+---------+-------+---------+---------+-------
